 Dungeon Crawl Stone Soup version 0.27.1-3-gb3d3a73c9e (webtiles) character file.

Game seed: 1955913586919003224

56 Asher535 the Chopper (level 3, 0/34 HPs)
             Began as a Hill Orc Monk on Oct 28, 2021.
             Was a Priest of Makhleb.
             Slain by a gnoll (12 damage)
             ... on level 3 of the Dungeon.
             The game lasted 00:09:52 (2768 turns).

Asher535 the Chopper (Hill Orc Monk)                Turns: 2768, Time: 00:09:52

Health: 0/34       AC:  7    Str: 16    XL:     3   Next: 95%
Magic:  3/3        EV: 10    Int:  7    God:    Makhleb [***...]
Gold:   32         SH:  0    Dex: 13    Spells: 2/2 levels left

rFire    . . .     SeeInvis .   a - +0 hand axe
rCold    . . .     Faith    +   (no shield)
rNeg     . . .     Spirit   .   o - +0 scale mail "Ilejeuj" {Harm Str+2 Int-3}
rPois    .         Reflect  .   (no helmet)
rElec    .         Harm     +   (no cloak)
rCorr    .         Rampage  .   j - +0 pair of gloves
Will     .....                  (no boots)
Stlth    ..........             l - amulet of faith
HPRegen  0.11/turn              (no ring)
MPRegen  0.08/turn              (no ring)

@: no status effects
A: no striking features
a: Renounce Religion, Minor Destruction, Lesser Servant of Makhleb


You were on level 3 of the Dungeon.
You worshipped Makhleb.
Makhleb was most pleased with you.
You visited 1 branch of the dungeon, and saw 3 of its levels.

You collected 156 gold pieces.
You spent 124 gold pieces at shops.

Inventory:

Hand Weapons
 a - a +0 hand axe (weapon)
 e - a +0 hunting sling
Missiles
 h - 56 stones (quivered)
 i - 8 boomerangs
Armour
 b - a +0 robe
 g - a +0 scale mail
 j - a +0 pair of gloves (worn)
 n - a +0 ring mail
 o - the +0 scale mail "Ilejeuj" (worn) {Harm Str+2 Int-3}
   (You bought it in a shop on level 1 of the Dungeon)

   Str:       It affects your strength (+2).
   Int:       It affects your intelligence (-3).
   Harm:      It increases damage dealt and taken.
 p - a +0 barding
Magical Staves
 k - a staff of death
Jewellery
 l - an amulet of faith (around neck)
Scrolls
 c - a scroll of acquirement {unknown}
 f - a scroll of teleportation {unknown}
Potions
 d - a potion of might {unknown}
 m - a potion of heal wounds {unknown}


   Skills:
 * Level 4.4 Fighting
 * Level 5.2 Axes
 + Level 0.2 Armour
 - Level 2.5 Dodging
 + Level 1.6 Stealth
 * Level 0.7 Invocations


You had 2 spell levels left.
You didn't know any spells.
Your spell library was empty.

Dungeon Overview and Level Annotations

Branches:
Dungeon (3/15)

Altars:
Makhleb

Shops:
D:1 *


Message History

You barely miss the gnoll. The gnoll hits you but does no damage.
The gnoll hits you with a +0 club.
* * * LOW HITPOINT WARNING * * *
The gnoll hits you but does no damage. x2
You hit the gnoll.
You kill the gnoll!
Makhleb accepts your kill.
You hit the gnoll but do no damage. The gnoll hits you with a +0 whip.
* * * LOW HITPOINT WARNING * * *
You hit the gnoll.
The gnoll is severely wounded.
The gnoll hits you with a +0 whip.
* * * LOW HITPOINT WARNING * * *
You closely miss the gnoll.
The gnoll is severely wounded.
The gnoll closely misses you.
Your scale mail "Ilejeuj" prevents you from hitting the gnoll.
The gnoll is severely wounded.
The gnoll closely misses you.
You hit the gnoll but do no damage.
The gnoll is severely wounded.
The gnoll hits you but does no damage.
You hit the gnoll.
You kill the gnoll!
Makhleb accepts your kill.
You feel better.
You start resting.
HP restored.
There is a stone staircase leading down, spattered with blood here.
You see here a +0 whip.
You climb downwards.
The gnoll barely misses you.
There is a stone staircase leading up, spattered with blood here.
The gnoll misses you.
You hit the gnoll but do no damage. The gnoll barely misses you.
You barely miss the gnoll. The gnoll hits you but does no damage.
The gnoll hits you from afar with a +0 spear!
You closely miss the gnoll. The gnoll hits you with a +0 halberd!
The gnoll hits you from afar with a +0 spear.
The gnoll hits you from afar with a +0 halberd!
You die...

#...#..#######
##..........##
##..>.........#####
#..................
#...............# ##
#..............### ...
#................##...
#......g........(.....
##...@.g..............
##...................
##########..........
##......... ##...##...
##### ##


You could see 2 gnolls.

Vanquished Creatures
  2 gnolls (D:2)
  3 endoplasms (D:1)
  3 giant cockroaches
  2 hobgoblins
  4 jackals (D:2)
  5 quokkas
  6 ball pythons (D:1)
  2 bats
  A frilled lizard (D:1)
  4 rats
32 creatures vanquished.

Notes
Turn   | Place    | Note
-------+----------+-------------------------------------------
     0 | D:1      | Asher535 the Hill Orc Monk began the quest for the Orb.
     0 | D:1      | Reached XP level 1. HP: 19/19 MP: 1/1
   255 | D:1      | Reached XP level 2. HP: 27/27 MP: 2/2
   831 | D:1      | Found a faded altar of an unknown god.
   838 | D:1      | Became a worshipper of Makhleb the Destroyer
   838 | D:1      | Reached * piety under Makhleb
   838 | D:1      | Reached ** piety under Makhleb
   931 | D:1      | Found Xucsex's General Store.
  1365 | D:2      | Reached XP level 3. HP: 33/33 MP: 3/3
  1563 | D:2      | Reached *** piety under Makhleb
  1901 | D:1      | Bought the +0 scale mail "Ilejeuj" {Harm Str+2 Int-3} for
                  | 124 gold pieces
  2011 | D:2      | Reached skill level 5 in Axes
  2768 | D:3      | Slain by a gnoll

Illustrated notes

Levels and vault maps discovered:
D:1:      lightli_arrival_lavapool, layout_basic,
          shapermc_ecumenical_altar_notcrosses, serial_shops, shop_coins
D:2:      layout_rooms, chequers_serial_rivers_small_b
D:3:      layout_rooms, overflow_temple_1_default

Skill      XL: |  1  2  3 |
---------------+----------+-----
Fighting       | 4 |  4.4
Axes           | 5 |  5.2
Armour         | |  0.2
Dodging        | |  2.5
Stealth        | |  1.6
Invocations    | |  0.7

Action                   || total
-------------------------++-------
Melee: Hand axe          ||   103
  Use: Potion            ||     1
 Stab: Sleeping          ||     2
Armor: Robe              ||    13
       Scale mail        ||    22
Dodge: Dodged            ||    84
